Map: Acropolis LE

Players

Graguk - Winner!

  • Race: Terran Terran
  • League: Gold
  • Spawn Location: 11:00

SandboX

  • Race: Zerg Zerg
  • League: Gold
  • Spawn Location: 5:00

VOD

Have the link to the VOD?

Description

Time

  • Played on: Aug. 10, 2019, 3:41 p.m.
  • Length: 23:48
Show
View Real Time Build Order
Export as new Build Order

Graguk Terran - Winner!

Build Orders: 1/1/1 

Get SALT Encoding   

  12  0:01  SCV  
  13  0:13  SCV  
  14  0:18  Supply Depot  
  14  0:25  SCV  
  15  0:39  SCV  
  15  0:41  Barracks  
  16  0:51  SCV  
  16  0:52  Refinery  
  16  0:56  Refinery  
  17  1:04  SCV  
  18  1:16  SCV  
  19  1:28  Orbital Command  
  19  1:31  Marine  
  19  1:32  Supply Depot  
  20  1:44  Factory  
  20  1:52  Marine  
  21  1:55  SCV  
  22  2:07  SCV  
  23  2:10  Supply Depot  
  23  2:29  Starport  
  23  2:31  Starport  
  23  2:32  SCV  
  24  2:39  Widow Mine  
  26  2:44  SCV  
  27  2:52  Supply Depot  
  27  2:57  SCV  
  28  3:07  Starport Tech Lab  
  28  3:08  Starport Tech Lab  
  28  3:09  SCV  
  29  3:21  SCV  
  29  3:25  Banshee  
  33  3:30  Banshee  
  33  3:33  SCV  
  37  3:36  Hyperflight Rotors  
  37  3:42  Hellion  
  37  3:45  SCV  
  40  4:17  Banshee x2  
  46  4:25  Command Center  
  46  4:31  Cloaking Field  
  46  4:35  Supply Depot  
  46  4:40  Engineering Bay  
  46  4:41  SCV  
  47  4:48  Supply Depot  
  47  4:57  SCV  
  48  5:08  Fusion Core  
  48  5:09  SCV  
  49  5:21  SCV  
  50  5:30  Widow Mine  
  50  5:33  SCV  
  53  5:42  Factory  
  53  5:52  Marine  
  54  5:57  Refinery x2  
  54  6:09  Marine  
  49  6:30  Battlecruiser  
  55  6:51  Orbital Command  
  55  7:07  Factory Reactor  
  55  7:09  Factory Reactor  
  52  7:24  Battlecruiser  
  58  7:34  Armory  
  61  8:12  Battlecruiser  
  61  8:20  Weapon Refit  
  61  8:23  Hellion x4  
  69  8:44  Hellion x2  
  69  8:45  Hellion x2  
  77  9:04  Terran Ship Weapons Level 1  
  77  9:15  Armory  
  77  9:16  SCV  
  78  9:21  Battlecruiser, Hellion  
  86  9:25  Supply Depot x2  
  86  9:28  SCV, Supply Depot  
  86  9:30  Hellion  
  86  9:31  Hellion x2  
  93  9:40  SCV  
  94  9:46  Battlecruiser  
  94  9:47  Hellion  
  93  9:53  SCV  
  83  10:05  SCV  
  84  10:10  SCV  
  85  10:17  SCV  
  86  10:22  SCV  
  87  10:29  SCV  
  87  10:34  SCV  
  89  10:38  Battlecruiser  
  89  10:40  Hellion x4  
  89  10:41  SCV  
  104  10:46  SCV  
  105  10:53  SCV  
  106  10:58  SCV  
  107  11:05  SCV  
  107  11:10  SCV  
  103  11:17  SCV  
  82  11:29  SCV  
  71  11:44  Terran Ship Weapons Level 2  
  65  11:48  Hellion x3  
  65  11:49  Hellion  
  65  11:52  Battlecruiser  
  73  11:58  SCV x2  
  75  12:09  Hellion  
  75  12:10  Hellion x3, SCV x2  
  75  12:13  Liberator  
  85  12:15  Factory  
  85  12:22  SCV  
  86  12:31  Hellion x2  
  93  12:44  Terran Vehicle And Ship Armor Level 1  
  93  12:45  SCV  
  94  12:56  Battlecruiser  
  100  13:01  Widow Mine  
  100  13:02  Widow Mine x3  
  108  13:06  Factory Tech Lab  
  108  13:08  SCV  
  109  13:20  SCV  
  109  13:23  Widow Mine x4  
  118  13:35  Command Center  
  118  13:40  Supply Depot  
  118  13:41  Supply Depot  
  118  13:43  Supply Depot  
  118  13:47  Liberator  
  118  13:48  Liberator  
  118  13:49  Supply Depot  
  118  14:01  Widow Mine x2, Siege Tank, SCV  
  130  14:03  Widow Mine x2  
  136  14:13  SCV  
  136  14:15  Supply Depot  
  136  14:16  Supply Depot  
  139  14:24  Widow Mine  
  139  14:35  Refinery  
  139  14:38  Refinery  
  139  14:43  Siege Tank  
  142  14:51  Planetary Fortress  
  142  14:58  SCV x2  
  144  15:08  Battlecruiser  
  144  15:10  SCV x2  
  152  15:15  Siege Tank  
  155  15:22  SCV  
  156  15:37  Battlecruiser  
  156  15:41  Command Center  
  129  16:25  Command Center  
  129  16:41  Widow Mine x5  
  139  16:59  Terran Ship Weapons Level 3  
  139  17:00  Terran Vehicle And Ship Armor Level 2  
  139  17:02  Widow Mine x3  
  139  17:03  Widow Mine x2  
  139  17:06  Battlecruiser  
  155  17:16  Barracks  
  155  17:23  Widow Mine  
  155  17:24  Widow Mine  
  131  17:56  Planetary Fortress  
  111  18:05  Barracks  
  102  18:19  Planetary Fortress  
  102  18:27  Refinery  
  102  18:29  Refinery  
  102  18:40  Hellion  
  102  18:41  Hellion x4  
  112  18:44  Infernal Pre-Igniter  
  112  18:49  Refinery  
  112  18:52  Barracks  
  112  19:02  Hellbat x5  
  122  19:11  SCV  
  123  19:23  SCV, Hellbat x3  
  123  19:24  Hellbat x2  
  134  19:30  Viking x2  
  138  19:35  SCV  
  138  19:37  Terran Vehicle Weapons Level 1  
  138  19:44  Hellbat  
  138  19:45  Widow Mine x3, Hellbat  
  128  19:48  SCV  
  118  20:00  SCV  
  118  20:06  Widow Mine x4  
  118  20:07  Widow Mine  
  127  20:12  SCV  
  128  20:14  Viking x2  
  132  20:27  Widow Mine x2  
  132  20:28  Widow Mine  
  138  20:44  Viking x2  
  142  21:14  Viking x2  
  141  21:44  Viking, Battlecruiser  
  149  21:56  SCV x4  
  153  22:08  SCV  
  154  22:14  Battlecruiser  
  141  22:40  Command Center  
  141  22:42  Missile Turret  
  141  22:43  Missile Turret  
  141  22:44  Missile Turret  
  137  22:52  Missile Turret  
Show
View Real Time Build Order
Export as new Build Order

SandboX Zerg 

Build Orders: Hatch First 

Get SALT Encoding   

  12  0:01  Drone  
  13  0:12  Overlord  
  13  0:24  Drone  
  14  0:31  Drone  
  14  0:32  Drone  
  14  0:35  Drone  
  17  0:56  Drone  
  18  0:57  Hatchery  
  18  1:02  Drone  
  18  1:04  Extractor  
  17  1:18  Drone, Spawning Pool  
  16  1:22  Drone  
  18  1:28  Drone  
  19  1:40  Overlord  
  19  1:53  Drone  
  20  2:09  Zergling x2  
  20  2:10  Zergling x2  
  20  2:11  Queen x2  
  20  2:12  Metabolic Boost  
  26  2:16  Drone  
  26  2:21  Drone  
  28  2:30  Drone x2  
  30  2:44  Hatchery  
  29  2:53  Queen  
  29  2:56  Drone x2  
  33  3:01  Overlord  
  33  3:06  Drone  
  33  3:07  Drone  
  33  3:09  Drone  
  36  3:14  Overlord  
  36  3:22  Spore Crawler  
  36  3:23  Spore Crawler  
  36  3:24  Drone  
  35  3:38  Drone x6  
  41  3:48  Drone x3  
  44  3:54  Roach Warren  
  43  4:05  Spore Crawler  
  43  4:08  Spore Crawler  
  41  4:11  Drone x6  
  47  4:24  Extractor  
  46  4:27  Extractor  
  45  4:41  Drone x5  
  50  4:49  Overlord x4  
  50  4:55  Lair  
  50  4:57  Evolution Chamber, Drone  
  50  4:58  Evolution Chamber, Drone  
  50  5:14  Drone x4  
  50  5:15  Drone x8  
  62  5:25  Zerg Ground Armor Level 1, Zerg Missile Weapons Level 1  
  62  5:33  Extractor  
  61  5:37  Extractor x2  
  55  6:05  Glial Reconstitution  
  55  6:08  Hydralisk Den  
  54  6:14  Roach x10  
  54  6:15  Roach x4  
  54  6:17  Overlord x4  
  73  6:27  Overlord  
  73  6:31  Overlord  
  72  6:37  Hydralisk x6  
  84  6:51  Overseer  
  84  6:52  Overlord  
  74  7:28  Hydralisk x2  
  78  7:43  Hydralisk  
  78  7:51  Hydralisk  
  77  8:00  Hydralisk  
  77  8:06  Hydralisk x2  
  77  8:18  Spore Crawler  
  73  8:25  Hydralisk x4  
  73  8:37  Overseer x2  
  72  8:41  Hydralisk  
  72  8:47  Hydralisk  
  73  8:53  Overlord  
  73  8:59  Queen x3  
  73  9:01  Zergling x18  
  73  9:02  Zergling x2  
  89  9:12  Overseer  
  91  9:17  Drone x3  
  92  9:32  Drone x7  
  97  9:53  Hydralisk x4  
  94  10:02  Hydralisk x6  
  101  10:14  Hydralisk x2  
  101  10:17  Overlord x3  
  101  10:18  Overlord x2  
  105  10:34  Spore Crawler  
  104  10:35  Spore Crawler  
  104  10:38  Spore Crawler  
  102  10:43  Spore Crawler  
  102  10:44  Spore Crawler  
  100  11:03  Hydralisk x9  
  89  11:19  Hydralisk x3  
  87  11:37  Queen  
  87  11:38  Queen x2  
  75  12:18  Hatchery  
  74  12:24  Drone x11  
  74  12:27  Extractor  
  84  12:30  Extractor  
  84  12:33  Muscular Augments  
  84  12:35  Zerg Missile Weapons Level 2  
  83  12:46  Spore Crawler  
  83  12:48  Spore Crawler  
  81  12:55  Spore Crawler  
  81  12:58  Spore Crawler  
  79  13:10  Zerg Ground Armor Level 2  
  84  13:12  Drone x5  
  84  13:13  Drone x7  
  91  13:39  Drone x11  
  102  13:50  Drone x6  
  108  14:08  Roach  
  110  14:14  Grooved Spines  
  110  14:19  Infestation Pit  
  110  14:23  Hydralisk x7  
  110  14:24  Hydralisk  
  125  14:36  Hydralisk x5  
  135  14:56  Extractor  
  135  14:58  Drone x4  
  135  14:59  Drone x2, Extractor  
  139  15:11  Hive  
  139  15:14  Roach x2  
  139  15:16  Overlord x2  
  139  15:17  Overlord x7  
  139  15:18  Overlord  
  143  15:41  Lair  
  143  15:44  Roach x6  
  143  15:45  Roach x3  
  149  15:54  Roach x6  
  143  15:57  Hatchery  
  143  16:02  Roach x4  
  134  16:22  Hydralisk x5  
  134  16:23  Hydralisk x4  
  152  16:41  Roach  
  154  16:48  Spire  
  154  16:52  Roach  
  154  16:53  Spire  
  154  17:04  Roach x4  
  154  17:06  Hydralisk x2  
  154  17:07  Hydralisk x8  
  180  17:44  Hydralisk x12  
  168  17:58  Hydralisk x7  
  128  18:20  Roach x10  
  128  18:24  Mutalisk  
  128  18:25  Mutalisk  
  140  18:30  Mutalisk x2  
  144  18:42  Queen  
  144  18:45  Drone x6  
  144  18:46  Drone x3  
  155  18:50  Mutalisk  
  155  18:51  Mutalisk  
  159  18:58  Mutalisk x2  
  159  18:59  Mutalisk  
  165  19:18  Roach x10  
  127  20:10  Hydralisk  
  127  20:11  Hydralisk x11, Roach x12  
  175  20:28  Mutalisk x10  
  181  20:32  Hydralisk x2  
  181  21:13  Hatchery  
  170  21:23  Mutalisk x7  
  170  21:24  Mutalisk x5  
  194  21:30  Roach x2  
  122  22:17  Hydralisk x3  
  122  22:18  Hydralisk x15  
  128  22:27  Zergling x42  
  149  22:38  Zergling x18  
  158  22:50  Zergling x16  
  159  22:58  Hydralisk x4  
  132  23:08  Hydralisk x12  
  123  23:31  Hatchery  
Tags
 
Add a new tag
Caveats
  • Supply blocks, unpowered buildings, or Contaminate may cause inaccurate times.
  • Supply counts are checked every 10 seconds.